Map: Ulrena

Players

LilDicky - Winner!

  • Race: Terran Terran
  • League: Gold

GrEEnEr

  • Race: Zerg Zerg
  • League: Gold

VOD

http://www.twitch.tv/tumescentpie

Description

Time

  • Played on: Nov. 20, 2015, 12:58 a.m.
  • Length: 17:46
Show
View Real Time Build Order
Export as new Build Order

LilDicky Terran - Winner!

Build Orders: Mech 

Get SALT Encoding   

  12  0:01  SCV  
  13  0:13  SCV  
  14  0:18  Supply Depot  
  14  0:25  SCV  
  15  0:40  SCV  
  15  0:41  Barracks  
  16  0:46  Refinery  
  16  0:52  SCV  
  17  1:04  SCV  
  18  1:16  SCV  
  19  1:28  SCV  
  19  1:30  Marine  
  21  1:34  Supply Depot  
  21  1:36  Refinery  
  21  1:40  Orbital Command  
  21  1:54  Marine  
  21  1:58  Factory  
  22  2:06  SCV  
  23  2:15  Marine  
  23  2:18  SCV  
  25  2:30  SCV  
  25  2:33  Marine  
  27  2:41  Factory Tech Lab  
  27  2:42  SCV  
  28  2:45  Starport  
  28  2:57  Command Center  
  30  3:06  Siege Tank  
  30  3:12  Supply Depot  
  31  3:16  SCV, Marine  
  33  3:21  Medivac  
  35  3:28  Supply Depot  
  35  3:33  SCV, Marine  
  37  3:38  Siege Tank  
  40  3:45  SCV  
  41  3:49  Supply Depot  
  41  3:54  Medivac  
  43  3:57  SCV  
  43  3:58  Marine  
  45  4:09  SCV  
  46  4:10  Supply Depot  
  46  4:13  Liberator  
  46  4:16  Orbital Command  
  49  4:35  Siege Tank  
  49  4:37  Marine  
  46  5:16  Liberator  
  43  5:32  Siege Tank  
  49  5:41  Orbital Command  
  49  5:55  Command Center  
  49  5:56  Command Center  
  49  6:06  Siege Tank  
  52  6:14  SCV  
  52  6:15  SCV  
  54  6:39  Siege Tank  
  56  6:51  Orbital Command  
  56  7:11  Siege Tank  
  56  7:18  Orbital Command x2  
  56  7:22  Factory  
  56  7:24  Factory  
  56  7:31  Starport Reactor  
  56  7:38  SCV  
  57  7:47  SCV  
  58  7:55  Refinery x2  
  58  7:59  Command Center  
  57  8:13  Command Center  
  57  8:14  Siege Tank  
  57  8:15  Factory Tech Lab  
  57  8:16  Factory Reactor  
  57  8:19  SCV x2  
  62  8:20  Engineering Bay  
  62  8:29  Liberator x2  
  65  8:50  Hellion x2  
  65  8:53  Missile Turret  
  69  9:13  Hellion x2, Siege Tank  
  76  9:22  SCV x2  
  78  9:33  Command Center  
  78  9:37  Refinery  
  78  9:39  Refinery  
  78  9:41  Starport  
  78  9:47  Hellion x2, Siege Tank x2  
  78  9:48  Missile Turret  
  88  9:53  Missile Turret  
  88  9:57  Planetary Fortress  
  87  10:03  SCV x2  
  89  10:17  SCV x2  
  89  10:20  SCV x2  
  93  10:29  SCV  
  93  10:32  Liberator x2  
  96  10:51  Hellion x2, Siege Tank x2  
  106  10:57  Command Center  
  106  11:00  Missile Turret  
  106  11:23  Siege Tank  
  109  11:34  SCV x2  
  108  12:03  Missile Turret  
  108  12:06  Missile Turret  
  108  12:07  SCV x3  
  111  12:17  Missile Turret  
  111  12:25  Missile Turret  
  110  12:30  Command Center, Missile Turret x2  
  110  12:41  Command Center  
  110  12:44  Command Center, Orbital Command  
  110  12:46  Starport Tech Lab  
  110  12:51  Armory  
  110  12:52  Armory  
  110  12:53  Command Center  
  110  13:04  Liberator  
  110  13:05  Liberator  
  109  13:07  Refinery  
  109  13:10  Refinery  
  109  13:20  Banshee  
  109  13:22  Cloaking Field  
  118  13:38  Hellion x2, Siege Tank x2  
  128  13:44  Planetary Fortress  
  128  13:46  Liberator  
  128  13:52  Missile Turret, Orbital Command  
  128  13:53  Liberator  
  128  13:54  Refinery, Liberator  
  128  13:57  Orbital Command  
  128  13:59  Refinery  
  128  14:01  Missile Turret  
  128  14:02  Missile Turret  
  128  14:04  Missile Turret  
  128  14:07  Refinery, Orbital Command  
  131  14:16  Terran Vehicle And Ship Armor Level 1, Terran Ship Weapons Level 1  
  137  14:21  Starport  
  137  14:25  Fusion Core  
  137  14:28  Supply Depot  
  137  14:29  Supply Depot  
  137  14:41  Hellion x2  
  144  14:46  Banshee, Thor x2  
  156  14:55  Refinery  
  156  15:08  SCV x3  
  159  15:14  SCV  
  159  15:17  Advanced Ballistics  
  159  15:18  Starport Tech Lab  
  160  15:23  Hellion x2  
  164  15:47  Factory  
  164  15:48  Factory  
  164  15:49  Factory  
  164  15:50  Factory  
  164  15:58  Missile Turret  
  164  16:01  Planetary Fortress  
  161  16:39  Banshee  
  161  16:40  Banshee  
  167  16:47  Behemoth Reactor  
  167  16:49  Supply Depot  
  167  16:50  Supply Depot  
  167  16:57  Widow Mine x3  
  159  17:10  Missile Turret  
  159  17:11  Missile Turret  
  147  17:39  Missile Turret  
Show
View Real Time Build Order
Export as new Build Order

GrEEnEr Zerg 

Build Orders: Pool First 

Get SALT Encoding   

  12  0:01  Drone  
  13  0:08  Drone  
  14  0:28  Spawning Pool  
  13  0:31  Drone  
  14  0:39  Overlord  
  14  0:49  Extractor  
  13  0:50  Drone  
  14  0:58  Drone x2  
  16  1:08  Drone  
  17  1:15  Queen  
  19  1:22  Drone  
  20  1:27  Drone  
  21  1:35  Extractor  
  21  1:37  Zergling x2  
  21  1:47  Overlord  
  21  1:59  Metabolic Boost, Drone  
  22  2:09  Drone  
  23  2:17  Baneling Nest  
  22  2:25  Drone x3  
  22  2:27  Zergling x2  
  26  2:37  Zergling x2  
  27  2:44  Drone  
  28  2:53  Lair  
  27  2:59  Zergling x6  
  30  3:06  Overlord  
  30  3:15  Roach Warren  
  30  3:16  Drone  
  30  3:27  Zergling x2  
  31  3:32  Zergling x6  
  34  3:44  Drone  
  35  3:50  Overlord  
  35  3:55  Glial Reconstitution  
  35  3:58  Centrifical Hooks  
  35  4:02  Roach  
  37  4:08  Spore Crawler  
  36  4:12  Roach  
  38  4:25  Roach  
  40  4:35  Roach x3  
  46  4:43  Overlord  
  46  4:49  Spore Crawler  
  45  4:55  Zergling x2  
  41  5:10  Spine Crawler  
  39  5:16  Roach x2  
  41  5:35  Hydralisk Den  
  41  5:38  Zergling x6  
  38  5:57  Roach x2  
  40  6:10  Zergling x2  
  41  6:12  Queen  
  46  6:32  Zergling x2  
  46  6:33  Roach  
  46  6:41  Baneling x5  
  46  6:42  Baneling x5  
  46  6:49  Hydralisk x2  
  41  7:07  Drone x2  
  41  7:19  Zergling x2  
  42  7:29  Hatchery  
  41  7:33  Zergling x2  
  41  7:36  Zergling x2  
  43  7:39  Zergling x2  
  44  7:46  Spore Crawler  
  44  7:49  Drone  
  44  8:01  Overlord  
  44  8:17  Drone  
  44  8:19  Overlord  
  45  8:25  Roach  
  35  8:45  Spore Crawler  
  35  8:47  Roach x3  
  39  8:53  Drone  
  39  8:54  Drone  
  41  9:12  Hydralisk  
  41  9:14  Drone  
  44  9:20  Drone  
  45  9:31  Drone x2  
  47  9:36  Drone  
  48  9:39  Drone  
  48  9:43  Drone  
  50  9:59  Drone x4  
  53  10:13  Zergling x6  
  56  10:17  Queen  
  58  10:29  Zergling x4  
  48  10:45  Roach  
  48  10:46  Roach x3  
  38  10:53  Hydralisk  
  40  11:03  Spawning Pool  
  37  11:05  Spire  
  35  11:11  Ravager x3  
  35  11:12  Ravager  
  35  11:15  Baneling x3  
  35  11:16  Baneling  
  39  11:20  Zergling x4  
  39  11:58  Overlord x2  
  39  12:02  Hatchery  
  38  12:35  Baneling  
  40  12:37  Roach x3  
  39  13:05  Ravager  
  39  13:06  Ravager x2  
  39  13:12  Drone x3, Extractor  
  44  13:13  Extractor  
  44  13:14  Queen  
  44  13:33  Mutalisk x3  
  50  13:36  Drone x2  
  52  13:43  Queen  
  54  14:01  Mutalisk x2  
  58  14:05  Drone  
  59  14:28  Overlord x2  
  59  14:54  Hatchery  
  59  14:58  Mutalisk x2  
  62  15:01  Mutalisk  
  64  15:21  Mutalisk  
  66  15:39  Zerg Flyer Weapons Level 1  
  66  15:48  Zergling x18  
  75  15:57  Overlord x2  
  75  16:16  Baneling x2  
  75  16:17  Baneling x7  
  75  16:19  Baneling  
  75  16:29  Hydralisk  
  76  16:49  Hydralisk x2  
  55  17:15  Roach  
  55  17:16  Roach x4  
Tags
 
Add a new tag
Caveats
  • Supply blocks, unpowered buildings, or Contaminate may cause inaccurate times.
  • Supply counts are checked every 10 seconds.